 Dungeon Crawl Stone Soup version 0.28-a0-514-g0d7ab7f379 (webtiles) character file.

Game seed: 4834509916319983346

58 ryw the Skirmisher (level 3, -6/32 HPs)
             Began as a Demonspawn Monk on Sept 22, 2021.
             Killed by divine providence
             ... invoked by an orc priest
              (13 damage)
             ... on level 3 of the Dungeon.
             The game lasted 00:03:39 (2253 turns).

ryw the Skirmisher (Demonspawn Monk)                Turns: 2253, Time: 00:03:39

Health: -6/32      AC:  2    Str: 11    XL:     3   Next: 76%
Magic:  3/3        EV: 12    Int: 12    God:
Gold:   124        SH:  0    Dex: 15    Spells: 2/2 levels left

rFire   . . .      SeeInvis .   i - +0 whip
rCold   . . .      Faith    .   (no shield)
rNeg    . . .      Spirit   .   a - +0 robe
rPois   .          Reflect  .   (no helmet)
rElec   .          Harm     .   (no cloak)
rCorr   .          Rampage  .   (no gloves)
Will    .....                   (no boots)
Stlth   ++........              (no amulet)
HPRegen 0.10/turn               (no ring)
MPRegen 0.08/turn               (no ring)

@: no status effects
A: talons 1, spiny 1
a: no special abilities


You were on level 3 of the Dungeon.
You visited 1 branch of the dungeon, and saw 3 of its levels.

You collected 124 gold pieces.

Inventory:

Hand Weapons
 b - a +0 hunting sling
 i - a +0 whip (weapon)
Missiles
 d - 49 stones (quivered)
 m - 10 sling bullets
Armour
 a - a +0 robe (worn)
Jewellery
 g - a ring of fire
Scrolls
 c - a scroll of teleportation {unknown}
 f - a scroll of magic mapping {unknown}
 h - a scroll of noise {unknown}
 j - a scroll of enchant armour {unknown}
 k - a scroll of fog {unknown}
 l - a scroll of blinking {unknown}
 n - a scroll of torment {unknown}
Potions
 e - a potion of mutation {unknown}


   Skills:
 + Level 4.8 Fighting
 - Level 2.6 Dodging
 - Level 1.7 Stealth
 - Level 2.6 Unarmed Combat


You had 2 spell levels left.
You didn't know any spells.
Your spell library contained the following spells:

 Spells                   Type           Power      Damage    Failure   Level
 Wereblood                Tmut           0%         N/A       45%         2
 Blade Hands              Tmut           0%         N/A       100%        5
 Borgnjor's Revivificati  Necr           0%         N/A       100%        8


Dungeon Overview and Level Annotations

Branches:
Dungeon (3/15)

Altars:

Shops:
D:1 :


Innate Abilities, Weirdness & Mutations

You have sharp toenails.
You are partially covered in sharp spines.


Message History

You closely miss the goblin. The goblin misses you.
You hit the goblin. You claw the goblin.
The goblin is heavily wounded.
The goblin barely misses you.
You hit the goblin.
You kill the goblin!
The orc priest mumbles some strange prayers to Beogh against you.
Pain shoots through your body!
Things that are here:
a +0 club; 16 gold pieces; a goblin corpse The orc priest looks encouraged for a moment.
You hit the orc priest but do no damage.
Your kick misses the orc priest. The orc priest misses you.
An orc comes into view. It is wielding a +0 club.
The orc priest looks braver for a moment.
The orc shouts!
You hit the orc priest but do no damage.
Your kick misses the orc priest.
An orc comes into view. It is wielding a +0 hand axe.
The orc priest barely misses you.
The orc shouts!
You hit the orc priest but do no damage.
The orc priest is struck by your spines.
The orc priest closely misses you.
You barely miss the orc priest. Your kick misses the orc priest.
The orc priest is lightly wounded.
The orc priest hits you with a +0 hand axe.
You completely miss the orc priest.
The orc priest is lightly wounded.
The orc priest casts a cantrip, but nothing happens.
You barely miss the orc priest. You claw the orc priest.
The orc priest is moderately wounded.
The orc priest hits you with a +0 hand axe.
You hit the orc priest. Your kick misses the orc priest.
The orc priest is moderately wounded.
The orc priest hits you with a +0 hand axe!
* * * LOW HITPOINT WARNING * * *
The orc priest calls down the wrath of Beogh upon you.
Beogh smites you!
You die...

..........####
.#.#........#
'....>.....#
..........#
#.........#
#.........#
#ooo.....#
#....#
#.##.)@.#
#.......#
#####...### ..
#.)...# ...
##..#.####
.... #..#....#
.....##..###.
.......$..<#
#######..#.#


You could see an orc priest and 2 orcs.

Vanquished Creatures
  2 adders (D:2)
  A dart slug (D:2)
  3 bats
  3 endoplasms
  2 giant cockroaches
  3 goblins
  4 hobgoblins
  3 kobolds (D:2)
  5 quokkas
  5 ball pythons
  2 rats
33 creatures vanquished.

Vanquished Creatures (others)
  A plant (D:3)
1 creature vanquished.

Grand Total: 34 creatures vanquished

Notes
Turn   | Place    | Note
-------+----------+-------------------------------------------
     0 | D:1      | ryw the Demonspawn Monk began the quest for the Orb.
     0 | D:1      | Reached XP level 1. HP: 18/18 MP: 1/1
   514 | D:1      | Gained mutation: You have sharp toenails. [demonic
                  | ancestry]
   514 | D:1      | Reached XP level 2. HP: 22/24 MP: 2/2
   582 | D:1      | Found a faded altar of an unknown god.
   798 | D:1      | Found Holivaon's Book Emporium.
   833 | D:1      | Got the Almanac of Moulding and Unholy Rites
   977 | D:1      | Reached skill level 4 in Fighting
  1401 | D:2      | Gained mutation: You are partially covered in sharp spines.
                  | [demonic ancestry]
  1401 | D:2      | Reached XP level 3. HP: 14/31 MP: 3/3
  2253 | D:3      | Killed from afar by an orc priest

Illustrated notes

Levels and vault maps discovered:
D:1:      tarquinn_simple_flora_water_a, layout_basic,
          hellmonk_ecumenical_altar_zigzags, serial_shops, shop
D:2:      layout_loops_ring, hangedman_decor_slide_cut
D:3:      layout_basic, nicolae_hepliaklqana_hazy_memory

Skill      XL: |  1  2 |
---------------+-------+-----
Fighting       | 4 |  4.8
Dodging        | |  2.6
Stealth        | |  1.7
Unarmed Combat | |  2.6

Action                   || total
-------------------------++-------
Melee: Unarmed           ||    31
       Whip              ||    65
       Kick              ||    10
       Punch             ||     1
 Fire: Hunting sling     ||     8
 Stab: Sleeping          ||     5
Armor: Robe              ||    11
Dodge: Dodged            ||    49

Table legend: (Time is in decaauts)
 A = Elapsed time spent in this place.
 B = Non-inter-level travel time spent in this place.
 C = Inter-level travel time spent in this place.
 D = Time resting spent in this place.
 E = Time spent auto-exploring this place.
 F = Levels seen in this place.
 G = Mean time per level.
                   A        B        C        D        E       F      G
               +--------+--------+--------+--------+--------+-----+--------+
         Total |   2255 |   2165 |     90 |    409 |   1466 |   3 |  751.7 |
       Dungeon |   2255 |   2165 |     90 |    409 |   1466 |   3 |  751.7 |
               +--------+--------+--------+--------+--------+-----+--------+

Top non-repeatable levels by time:
     D:2: 1133 daAuts
     D:1: 1084 daAuts
     D:3: 37 daAuts
